 Dungeon Sprint DCSS version 0.18-a0-46-g45ca8e4 (console) character file.

48 Kellhus the Thaumaturge (level 5, 11/28 HPs)
             Began as a Deep Elf Conjurer on Nov 6, 2015.
             Was a Priest of Vehumet.
             Quit the game in the Dungeon (Sprint VI: "Thunderdome").
             The game lasted 00:02:44 (307 turns).

Kellhus the Thaumaturge (Deep Elf Conjurer)          Turns: 307, Time: 00:02:44

Health: 11/28      AC:  2    Str:  5    XL:     5   Next: 13%
Magic:  4/19       EV: 13    Int: 21    God:    Vehumet [***...]
Gold:   260        SH:  0    Dex: 15    Spells: 3 memorised, 17 levels left

rFire  . . .     SeeInvis .     (no weapon)
rCold  . . .     Clarity  .     a - +0 robe
rNeg   . . .     SustAt   .     (no shield)
rPois  .         Gourm    .     (no helmet)
rElec  .         Spirit   .     (no cloak)
rCorr  .         Warding  .     (no gloves)
rMut   .         NoTele   +     (no boots)
MR     .....                    (no amulet)
Stlth  ++........               (no ring)
                                (no ring)

@: not resistant to hostile enchantments, unstealthy
A: no striking features
a: Renounce Religion


You were in the Dungeon.
You worshipped Vehumet.
Vehumet was most pleased with you.
You were not hungry.

You visited 1 branch You collected 260 gold pieces.

Inventory:

Armour
 a - a +0 robe (worn)
Wands
 k - a wand of cold (2)
 l - a wand of fire (2)
Scrolls
 i - 4 scrolls of blinking
 m - 3 scrolls of fog
Potions
 d - a potion of curing
 e - 4 potions of heal wounds
 f - 4 potions of haste
 g - 2 potions of magic
 h - a potion of berserk rage
 j - a potion of resistance
Books
 b - a book of Conjurations

   Spells                             Type                      Level
   a - Magic Dart                     Conjuration                  1
   b - Searing Ray                    Conjuration                  2
   c - Dazzling Spray                 Conjuration/Hexes            3
   d - Fulminant Prism                Conjuration/Hexes            4
   e - Iskenderun's Mystic Blast      Conjuration                  4
   f - Iskenderun's Battlesphere      Conjuration/Charms           5
Comestibles
 c - a bread ration
 n - a chunk of flesh


   Skills:
 - Level 2.4 Dodging
 - Level 2.4 Stealth
 + Level 9.7 Spellcasting
 + Level 9.0 Conjurations
 + Level 2.1 Fire Magic


You had 17 spell levels left.
You knew the following spells:

 Your Spells              Type           Power        Failure   Level  Hunger
a - Magic Dart            Conj           ####         1%          1    None
b - Flame Tongue          Conj/Fire      ####.        1%          1    None
c - Iskenderun's Mystic   Conj           #####...     1%          4    ##.....


Dungeon Overview and Level Annotations

Branches:
Dungeon (1/1)

Altars:
Cheibriados
Dithmenos
Fedhas
Gozag
Kikubaaqudgha
Makhleb
Okawaru
Qazlal
Ru
Sif Muna
Trog
Vehumet
Xom
Yredelemnul
Zin
The Shining One
Jiyva
Lugonu

Shops:
D *[%??*?*:[((!!!!


Message History

The iron imp hits you.
You hit the iron imp but do no damage.
The iron imp is almost dead.
Casting: Magic Dart
Confirm with . or Enter, or press ? or * to list all spells.
Aiming: Magic Dart
Press: ? - help, Shift-Dir - straight line, f/p - iron imp
Aim: an iron imp (almost dead)
The magic dart hits the iron imp.
You kill the iron imp!
Vehumet accepts your kill.
You feel your power returning.
Your Conjurations skill increases to level 9!
Your Fire Magic skill gained 2 levels and is now at level 2!
You have reached level 5!
You start resting.
An iron imp comes into view.
Are you sure you want to abandon this character and quit the game? (Confirm with "yes".)
Okay, then.
Are you sure you want to abandon this character and quit the game? (Confirm with "yes".)

#........_# #_......._#
#_......._# ###...5.....###
#⌠...........⌠#
####.8....†....8.######
.__......###......__.∩##
.......8.# #.8........∩###
.........###....@........##
......###...###.†........⌠#
......# #.<.# #$.........⌠#
......###...###..........⌠#
.........###.......[.....##
.......8.# #.8........∩###
_._......###......___∩##
####.8.........8.######
#⌠...........†#


You could see an iron imp (wandering).

Vanquished Creatures
  Purgy (D)
  An iron imp (D)
  Jessica (D)
  A bat (D)
  A ball python (D)
  A kobold (D)
  3 quokkas (D)
  A quokka skeleton (D)
  A rat (D)
11 creatures vanquished.

Notes
Turn   | Place    | Note
--------------------------------------------------------------
     0 | D        | Kellhus the Deep Elf Conjurer began the quest for the Orb.
     0 | D        | Reached XP level 1. HP: 10/10 MP: 6/6
     3 | D        | Found a basalt altar of Yredelemnul.
     3 | D        | Found a burning altar of Makhleb.
     4 | D        | Found a corrupted altar of Lugonu.
     4 | D        | Found an iron altar of Okawaru.
     5 | D        | Round 1.
     6 | D        | Noticed Jessica
     7 | D        | Found a blossoming altar of Fedhas.
     7 | D        | Found a snail-covered altar of Cheibriados.
     9 | D        | Found a radiant altar of Vehumet.
    10 | D        | Found Kitiskergh's Identification Station.
    10 | D        | Found a shadowy altar of Dithmenos.
    10 | D        | Found a deep blue altar of Sif Muna.
    10 | D        | Found Waigof's Bee Food.
    11 | D        | Found Siegupu's Advanced Armour.
    11 | D        | Found Pinkuett's Jewellery.
    11 | D        | Found a stormy altar of Qazlal.
    17 | D        | Became a worshipper of Vehumet
    22 | D        | Found an opulent altar of Gozag.
    23 | D        | Found a shimmering altar of Xom.
    25 | D        | Found Modymoej's Magic Scroll Shop.
    26 | D        | Found a glowing golden altar of the Shining One.
    26 | D        | Found an ancient bone altar of Kikubaaqudgha.
    26 | D        | Found a glowing silver altar of Zin.
    26 | D        | Found Atifoaw's Staff Store.
    26 | D        | Found Huoham's Magic Scroll Shop.
    26 | D        | Found Ylockaxe's Must-Have Magic.
    30 | D        | Found a bloodstained altar of Trog.
    31 | D        | Found a viscous altar of Jiyva.
    33 | D        | Found Leemukk's Distillery.
    34 | D        | Killed Jessica
    34 | D        | Reached skill level 6 in Spellcasting
    34 | D        | Reached XP level 2. HP: 15/15 MP: 7/11
    35 | D        | Found Ifarphal's Distillery.
    35 | D        | Found Ypnoqigiab's Bottled Wisdom.
    36 | D        | Found a sacrificial altar of Ru.
    36 | D        | Found Ezxif's Do-It-Yourself Clinic.
    47 | D        | Found Zegol's Weapon Rack.
    47 | D        | Found Oriymusi's Basic Armour.
    48 | D        | Found Ojyupn's Miscellaneous Merchandise.
    49 | D        | Found Bunn's Premium Goods.
    57 | D        | Reached * piety under Vehumet
    57 | D        | Offered knowledge of Flame Tongue by Vehumet.
   113 | D        | Reached XP level 3. HP: 19/19 MP: 7/12
   118 | D        | Arena points: 12 (+12) [x2]
   192 | D        | Round 2.
   196 | D        | Noticed Purgy
   198 | D        | Killed Purgy
   198 | D        | Reached ** piety under Vehumet
   198 | D        | Reached skill level 9 in Spellcasting
   198 | D        | Reached XP level 4. HP: 24/24 MP: 13/17
   206 | D        | Learned a level 1 spell: Flame Tongue
   217 | D        | Offered knowledge of Throw Flame by Vehumet.
   235 | D        | Reached *** piety under Vehumet
   245 | D        | Arena points: 48 (+36) [x3]
   260 | D        | Round 3.
   266 | D        | Learned a level 4 spell: Iskenderun's Mystic Blast
   288 | D        | Reached XP level 5. HP: 10/28 MP: 1/19
   307 | D        | Quit the game

Vault maps used:
D:        arena_sprint

Action                   |  1- 3 |  4- 6 || total
-------------------------+-------+-------++-------
Melee: Unarmed           |       |     2 ||     2
 Cast: Magic Dart        |     9 |    11 ||    20
       Iskenderun's Myst |       |     4 ||     4
Evoke: Wand              |     2 |     4 ||     6
